 Dungeon Crawl Stone Soup version bcrawl-1.24.2 (webtiles) character file.

Game seed: 17865811285184042143

144 Freyura the Skirmisher (level 5, -1/34 HPs)
             Began as a Gargoyle Fighter on June 21, 2020.
             Slain by Terence
             ... wielding a +0 flail
              (2 damage)
             ... on level 3 of the Dungeon.
             The game lasted 00:05:16 (2051 turns).

Freyura the Skirmisher (Gargoyle Fighter)           Turns: 2051, Time: 00:05:17

Health: -1/34      AC: 16    Str: 20    XL:     5   Next: 27%
Magic:  5/5        EV:  6    Int:  8    God:
Gold:   244        SH:  9    Dex: 10    Spells: 4/4 levels left

rFire    . . .     SeeInvis .   a - +0 flail
rCold    . . .     Gourm    .   c - +0 medium shield
rNeg     + . .     Faith    .   i - +3 scale mail
rPois    ∞         Spirit   .   f - +1 hat
rElec    +         Reflect  .   (no cloak)
rCorr    .         Harm     .   j - +0 pair of gloves
MR       .....                  (no boots)
Stlth    ..........             (no amulet)
HPRegen  0.11/turn              (no ring)
MPRegen  0.09/turn              (no ring)

@: no status effects
A: negative energy resistance 1, electricity resistance, unbreathing,
petrification resistance, rot immunity, AC +4
a: no special abilities


You were on level 3 of the Dungeon.
You were hungry.

You visited 1 branch of the dungeon, and saw 3 of its levels.

You collected 244 gold pieces.

Inventory:

Hand Weapons
 a - a +0 flail (weapon)
Armour
 b - a +0 scale mail
 c - a +0 medium shield (worn)
 f - a +1 hat (worn)
 i - a +3 scale mail (worn)
 j - a +0 pair of gloves (worn)
Scrolls
 k - a scroll of immolation
 m - a scroll of teleportation {unknown}
 o - 4 scrolls of remove curse {unknown}
Potions
 d - 3 potions of might
 h - 2 potions of brilliance
 l - a potion of agility {unknown}
 p - a potion of flight {unknown}
Comestibles
 e - 6 rations {!d}
 g - 3 chunks of flesh


   Skills:
 * Level 4.5 Fighting
 * Level 3.1 Maces & Flails
 + Level 3.7 Armour
 + Level 1.3 Dodging
 + Level 3.8 Shields


You had 4 spell levels left.
You didn't know any spells.
Your spell library was empty.

Dungeon Overview and Level Annotations

Branches:
Dungeon (3/12)

Altars:
Dithmenos
Elyvilon
Xom

Annotations:
D:3 Terence


Innate Abilities, Weirdness & Mutations

You are resistant to torment.
Your stone body is resilient. (AC +4)
You are immune to poison.
You resist negative energy. (rN+)
You are resistant to electric shocks. (rElec)
You can survive without breathing.
You are immune to petrification.
You are immune to rotting.


Message History

You sock the jackal!
You kill the jackal!
You block the jackal's attack.
The jackal bites you but does no damage.
You sock Terence!
Terence is heavily wounded.
The jackal bites you but does no damage.
Terence hits you but does no damage.
You are feeling hungry.
You closely miss Terence.
Terence is heavily wounded.
The jackal bites you but does no damage.
Terence zaps a wand.
You are blasted!
Ouch! That really hurt!
* * * LOW HITPOINT WARNING * * *
The jackal bites you but does no damage.
Your shield prevents you from hitting Terence.
Terence is heavily wounded.
You block the jackal's attack. Terence hits you with a +0 flail.
You die...

.... .#......'....' #...
.##.<###+#....# ##..
..............# ...#
#..##...........
##..##....#...........
...#...........###.......
.......lS# ..# #.......
...#...#@##.##.###.######
##)##@h.....##........
..........##+###........
......##.....(..........
....... ###..............
...... #..............
...... #..............
#### #..............
#..........##'#
#......#+### .8


You could see Terence, an adder, a jackal and a frilled lizard.

Vanquished Creatures
  An orc wizard (D:3)
  An adder (D:2)
  An ooze (D:1)
  2 worms
  2 dart slugs (D:1)
  4 leopard geckos
  10 orcs (D:3)
  7 bats
  4 giant cockroaches (D:1)
  8 hobgoblins
  10 jackals
  5 quokkas
  2 frilled lizards
  4 goblins
  5 kobolds
  6 rats (D:1)
72 creatures vanquished.

Notes
Turn   | Place    | Note
-------+----------+-------------------------------------------
     0 | D:1      | Freyura the Gargoyle Fighter began the quest for the Orb.
     0 | D:1      | Reached XP level 1. HP: 14/14 MP: 1/1
   190 | D:1      | Reached XP level 2. HP: 19/19 MP: 2/2
   304 | D:1      | Reached XP level 3. HP: 16/24 MP: 3/3
   887 | D:2      | Reached skill level 4 in Fighting
   896 | D:2      | Reached XP level 4. HP: 23/29 MP: 4/4
  1386 | D:2      | Reached skill level 1 in Dodging
  1572 | D:2      | Found a white marble altar of Elyvilon.
  1728 | D:3      | Found a shimmering altar of Xom.
  1820 | D:3      | Found a shadowy altar of Dithmenos.
  1858 | D:3      | Reached XP level 5. HP: 31/34 MP: 5/5
  2028 | D:3      | Noticed Terence
  2050 | D:3      | HP: 1/34 [disintegration (18)]
  2051 | D:3      | Slain by Terence

Skill      XL: |  1  2  3  4 |
---------------+-------------+-----
Fighting       | 4 |  4.5
Dodging        | 1 |  1.3
Maces & Flails | 3 |  3.1
Armour         | |  3.7
Shields        | |  3.8

Action                   |  1- 3 |  4- 6 || total
-------------------------+-------+-------++-------
Melee: Flail             |   155 |   145 ||   300
  Use: Scroll            |       |     4 ||     4
  Eat: Chunk             |       |     4 ||     4
Armor: Scale mail        |   129 |   192 ||   321
Dodge: Dodged            |    37 |    83 ||   120
Block: Medium shield     |    93 |   126 ||   219
